 Dungeon Crawl Stone Soup version 0.22-a0-303-g4a852b32ea (webtiles) character file.

1632 MirrMurr the Archer (level 8, -7/106 HPs)
             Began as a Centaur Berserker on Mar 26, 2018.
             Was a Priest of Trog.
             Mangled by Pikel
             ... wielding a +2 whip of electrocution
              (17 damage)
             ... while paralysed by Pikel
             ... on level 6 of the Dungeon on Mar 27, 2018.
             The game lasted 00:16:50 (6673 turns).

MirrMurr the Archer (Centaur Berserker)             Turns: 6673, Time: 00:16:50

Health: -7/106     AC:  9    Str: 26    XL:     8   Next: 66%
Magic:  8/8        EV:  1    Int:  6    God:    Trog [***...]
Gold:   321        SH:  0    Dex: 10    Spells: 7/7 levels left

rFire    + . .     SeeInvis .   b - +0 trident
rCold    + . .     Gourm    .   (no shield)
rNeg     . . .     Faith    .   n - +0 scale mail
rPois    +         Spirit   .   s - +0 helmet
rElec    .         Reflect  .   y - scarf {rC+ rF+}
rCorr    .         Harm     .   D - +1 pair of gloves
MR       .....                  (no barding)
Stlth    ..........             (no amulet)
HPRegen  0.27/turn              p - ring of poison resistance
MPRegen  0.11/turn              (no ring)

@: paralysed, berserking (expiring), very quick
A: large, hooves 3, deformed body, speed 2, tough skin 3
a: Berserk, Trog's Hand, Renounce Religion


You were on level 6 of the Dungeon.
You worshipped Trog.
Trog was most pleased with you.
You were near starving.

You visited 1 branch of the dungeon, and saw 6 of its levels.

You collected 366 gold pieces.
You spent 45 gold pieces at shops.

Inventory:

Hand Weapons
 a - a +4 shortbow
 b - a +0 trident (weapon)
 B - a +0 blowgun
 C - a +0 bardiche
Missiles
 e - 89 arrows
 f - 187 stones (quivered)
Armour
 n - a +0 scale mail (worn)
 s - a +0 helmet (worn)
 y - a scarf of resistance (worn)
 D - a +1 pair of gloves (worn)
Jewellery
 m - an uncursed ring of fire
 o - an uncursed amulet of the acrobat {unknown}
 p - a ring of poison resistance (left hand)
 t - an uncursed amulet of regeneration {unknown}
Wands
 k - a wand of random effects (23)
Scrolls
 d - 2 scrolls of blinking
 i - a scroll of fog
 r - 7 scrolls of remove curse
 z - a scroll of enchant weapon
 A - 2 scrolls of magic mapping
Potions
 g - 3 potions of curing
 j - a potion of flight
 l - a potion of brilliance {unknown}
 q - 2 potions of heal wounds
 u - a potion of might
 v - a potion of degeneration {unknown}
 w - 3 potions of lignification
Comestibles
 c - 11 rations


   Skills:
 + Level 6.4 Fighting
 + Level 6.3 Polearms
 * Level 9.1 Bows
 - Level 1.3 Armour
 - Level 1.3 Dodging


You had 7 spell levels left.
You didn't know any spells.

Dungeon Overview and Level Annotations

Branches:
Dungeon (6/15)
 Temple: D:4-7

Altars:
Nemelex Xobeh
Sif Muna
Trog
Vehumet
Yredelemnul

Shops:
D:6 %(

Annotations:
D:6 Pikel


Innate Abilities, Weirdness & Mutations

You have hooves in place of feet.
Armour fits poorly on your strangely shaped body.
You cover ground very quickly.
You have extremely tough skin. (AC +3)


Message History

Something hits you but does no damage.
You are electrocuted!
* * * LOW HITPOINT WARNING * * *
You miss something. You miss something. Your kick misses something.
Something hits you.
* * * LOW HITPOINT WARNING * * *
You hit something but do no damage.
You hear a zap.
You suddenly lose the ability to move!
You hear a zap.
Something tries to affect you, but you resist.
You hear a zap.
Something tries to affect you, but you resist.
Something hits you but does no damage.
You are electrocuted!
* * * LOW HITPOINT WARNING * * *
Pikel appears from thin air!
Reactivating autopickup.
Pikel hits you with a whip of electrocution.
* * * LOW HITPOINT WARNING * * *
You are electrocuted!
You die...

#.##.##.# #..##.##..# #.#.##
#.##.##.# #.........# #.#.##
#.##..#.# #.........# #.....
##.###.#.# ##.##<###.# ###'##
##⌠.⌠##.#.# #.##.# #.# ##...#
#.._..#p#.# #....# #.###..:..
#.⌠.⌠.p...## #..#.###.##......
....#....#.######.....##)#.......
.+......###(pppK@........'.......
.####..## ##.#####....####.......
## ##..###.## #...## ##...... #
###.#.## ##.## ##..... ##.## #.#
##...# #.# #.# ####..... #.# #.#
#.......< ### #.# #.# #.##...#.
..# #.# #.# #.##.#.#.


You could see Pikel and 3 slaves.

Vanquished Creatures
  The ghost of Sassnadas the Blocker, a novice FoFi (D:5)
  2 sky beasts (D:6)
  The ghost of Wyvric the Slasher, an amateur GnCK of Xom (D:3)
  2 ogres
  A centaur (D:2)
  A wyvern skeleton (D:6)
  A crimson imp (D:5)
  2 orc priests (D:4)
  A quasit (D:6)
  A centaur skeleton (D:6)
  3 bullfrog skeletons
  An iguana (D:6)
  2 orc wizards
  4 worker ants
  9 gnolls
  5 adders
  An ooze (D:4)
  An adder skeleton (D:4)
  4 worms
  2 dart slugs
  3 leopard geckos
  8 orcs
  2 ball pythons
  5 bats
  4 giant cockroaches
  11 goblins
  13 hobgoblins
  4 jackals (D:3)
  9 kobolds
  8 quokkas
  3 frilled lizards
  2 leopard gecko skeletons
  8 rats
125 creatures vanquished.

Vanquished Creatures (others)
  2 plants (D:3)
2 creatures vanquished.

Grand Total: 127 creatures vanquished

Notes
Turn   | Place    | Note
-------+----------+-------------------------------------------
     0 | D:1      | MirrMurr the Centaur Berserker began the quest for the Orb.
     0 | D:1      | Reached XP level 1. HP: 19/19 MP: 1/1
   150 | D:1      | Reached XP level 2. HP: 26/26 MP: 2/2
   638 | D:1      | Upgraded the game from 0.22-a0-301-gf0fe05caec to 0.22-a0-303-g4a852b32ea
   715 | D:1      | Reached ** piety under Trog
  1095 | D:1      | Reached XP level 3. HP: 30/31 MP: 3/3
  1348 | D:2      | Noticed a centaur
  1354 | D:2      | Killed a centaur
  1354 | D:2      | Reached XP level 4. HP: 11/40 MP: 4/4
  1791 | D:2      | Found a radiant altar of Vehumet.
  1806 | D:2      | Reached skill level 1 in Bows
  1832 | D:2      | Reached XP level 5. HP: 44/46 MP: 5/5
  2075 | D:2      | Found a deep blue altar of Sif Muna.
  2226 | D:3      | Noticed Wyvric's ghost (amateur GnCK)
  2291 | D:3      | Killed Wyvric's ghost
  2291 | D:3      | Reached skill level 3 in Bows
  2354 | D:3      | Found a bloodstained altar of Trog.
  2385 | D:3      | Reached XP level 6. HP: 53/53 MP: 6/6
  2981 | D:3      | Reached *** piety under Trog
  3252 | D:3      | Reached skill level 4 in Bows
  3773 | D:4      | Reached skill level 5 in Polearms
  3872 | D:4      | Reached skill level 5 in Bows
  3872 | D:4      | Reached XP level 7. HP: 55/60 MP: 7/7
  3934 | D:4      | Reached skill level 5 in Fighting
  4231 | D:4      | Received a gift from Trog
  4566 | D:5      | Entered Level 5 of the Dungeon
  4897 | D:5      | Reached skill level 6 in Bows
  5334 | D:5      | Noticed Sassnadas's ghost (novice FoFi)
  5358 | D:5      | Killed Sassnadas's ghost
  5358 | D:5      | Reached skill level 7 in Bows
  5358 | D:5      | Reached XP level 8. HP: 60/70 MP: 8/8
  5759 | D:6      | Found Qeihuyxe's Food Shop.
  5775 | D:6      | Found Corraacw's Weapon Shoppe.
  5778 | D:6      | Bought a +0 trident for 45 gold pieces
  6132 | D:6      | Reached skill level 8 in Bows
  6216 | D:6      | Found a sparkling altar of Nemelex Xobeh.
  6430 | D:6      | Reached skill level 9 in Bows
  6543 | D:6      | Found a basalt altar of Yredelemnul.
  6607 | D:6      | Noticed Pikel
  6658 | D:6      | Paralysed by something for 6 turns
  6669 | D:6      | Paralysed by something for 5 turns
  6673 | D:6      | Mangled by Pikel

Vault maps used:
D:1:      nagdon_arrival_zigzag_paths, st_stairs_14, minmay_pentomino_q2
D:2:      lemuel_coloured_pillars_altar, vehumet_crystals
D:3:      wad_woods_stonehenge, serial_bayou_crossing
D:5:      first_ration
D:6:      nemelex_xobeh_ov_fountains_minmay, lemuel_round_altar, serial_shops,
          shop, kennysheep_mini_moat, uniq_pikel

Skill      XL: |  1  2  3  4  5  6  7  8 |
---------------+-------------------------+-----
Polearms       | 3 4 5 6 |  6.3
Fighting       | 4 5 6 |  6.4
Bows           | 1 3 5 7 9 |  9.1
Armour         | |  1.3
Dodging        | |  1.3

Action                   |  1- 3 |  4- 6 |  7- 9 || total
-------------------------+-------+-------+-------++-------
Melee: Spear             |   106 |   214 |    26 ||   346
       Kick              |     7 |    34 |    18 ||    59
       Trident           |       |       |    37 ||    37
 Fire: Shortbow          |       |    15 |    87 ||   102
Throw: Stone             |    12 |       |       ||    12
Invok: Berserk           |     1 |     1 |     2 ||     4
       Trog's Hand       |       |     2 |     1 ||     3
  Use: Scroll            |     5 |     9 |     8 ||    22
  Eat: Chunk             |       |    10 |     3 ||    13
       Ration            |       |       |     1 ||     1
Armor: Animal skin       |    10 |       |       ||    10
       Ring mail         |     1 |    54 |     7 ||    62
       Scale mail        |       |       |    26 ||    26
Dodge: Dodged            |    23 |    53 |    22 ||    98

Table legend:
 A = Spawn XP
 B = Non-spawn XP
 C = Spawn XP percentage of total XP
 D = Spawn monster count
 E = Non-spawn monster count
 F = Spawn count percentage of total count
 G = Total turns spent on level
                    A         B        C        D         E        F      G
               +---------+---------+-------+---------+---------+-------+---------
         Total |       0 |    2332 |   0.0 |       0 |     125 |   0.0 |  6673
               +---------+---------+-------+---------+---------+-------+---------
           D:1 |       0 |      41 |   0.0 |       0 |      26 |   0.0 |  1487
           D:2 |       0 |     181 |   0.0 |       0 |      21 |   0.0 |   750
           D:3 |       0 |     308 |   0.0 |       0 |      38 |   0.0 |  1418
           D:4 |       0 |     424 |   0.0 |       0 |      18 |   0.0 |  1056
           D:5 |       0 |     623 |   0.0 |       0 |       5 |   0.0 |  1031
           D:6 |       0 |     755 |   0.0 |       0 |      17 |   0.0 |   931
               +---------+---------+-------+---------+---------+-------+---------
